 Dungeon Crawl Stone Soup version 0.31.0-1-g2c135a008e (webtiles) character file.

Game seed: 7905847835497321862

69495 qw the Marksdjinni (level 15, -40/112 HPs)
             Began as a Djinni Hunter on Jan 23, 2024.
             Was a High Priest of Okawaru.
             Annihilated by a wolf spider simulacrum (48 damage)
             ... on level 14 of the Dungeon on Jan 24, 2024.
             The game lasted 00:02:43 (20193 turns).

qw the Marksdjinni (Djinni Hunter)                 Turns: 20193, Time: 00:02:44

Health: -40/112    AC: 23    Str: 10    XL:     15   Next: 74%
Gold:   1101       EV: 22    Int: 13    God:    Okawaru [*****.] SH:  5 Dex: 22

rFire   + + +        z - +7 hand cannon "Mule" {flame, backblast, rF+}
rCold   x . .        (no shield)
rNeg    . . .        a - +4 swamp dragon scales
rPois   inf          k - +2 helmet
rElec   .            i - +0 cloak
rCorr   .            h - +0 pair of gloves
SInv    .            (boots unavailable)
Will    +....        m - amulet of reflection
Stlth   +            n - +4 ring of protection
HPRegen 0.38/turn    e - +5 ring of evasion
MPRegen 0.00/turn

%: reflection, infuse magic (-41 HP)
@: about to teleport, flying
A: sickness immunity, fire resistance 2, cold vulnerability 1, float, innate
caster, HP casting, extra vitality 1
a: Renounce Religion, Heroism, Finesse, Duel


You were on level 14 of the Dungeon.
You worshipped Okawaru.
Okawaru was extremely pleased with you.
You visited 3 branches of the dungeon, and saw 20 of its levels.
You also visited: Ossuary.

You collected 1478 gold pieces.
You spent 377 gold pieces at shops.


Innate Abilities, Weirdness & Mutations

You are immune to sickness and miasma.
You are immune to poison.
Your flesh is very heat resistant. (rF++)
You are vulnerable to cold. (rC-)
You float through the air rather than walking.
You learn spells naturally, not from books.
Your magical power is your life essence.
You have superior vitality. (+4 MHP)


   Skills:
 - Level 12.0 Fighting
 + Level 15.6 Ranged Weapons
 - Level 8.1 Armour
 - Level 11.0 Dodging
 - Level 0.7 Stealth
 - Level 10.0 Invocations


You knew the following spells:

 Your Spells              Type           Power      Damage    Failure   Level
a - Sandblast             Erth           0%         2d4       56%         1
b - Scorch                Fire           0%         2d5       71%         2
c - Momentum Strike       Conj/Tloc      0%         3d8       71%         2
d - Flame Wave            Conj/Fire      0%         2d4       100%        4
e - Cause Fear            Hex            0%         N/A       100%        4
f - Curse of Agony        Necr           0%         N/A       100%        5
g - Sculpt Simulacrum     Ice/Alch       0%         N/A       100%        6
Your spell library was empty.

Inventory:

Hand Weapons
 z - the +7 hand cannon "Mule" (weapon) {flame, backblast, rF+}
   (Okawaru gifted it to you on level 4 of the Lair of Beasts)

   rF+:       It protects you from fire.
Armour
 a - +4 swamp dragon scales (worn)
 d - the +2 pair of gloves "Ymiemics" {Will- Int+6}
   (You found it on level 5 of the Lair of Beasts)

   Int+6:     It affects your intelligence (+6).
   Will-:     It decreases your willpower.
 h - a +0 pair of gloves (worn)
 i - a +0 cloak (worn)
 j - the +3 ring mail "Geymuun" {+Blink rF- Slay+5}
   (You found it on level 2 of the Dungeon)

   Slay+5:    It affects your accuracy & damage with ranged weapons and melee
   (+5).
   rF-:       It makes you vulnerable to fire.
   +Blink:    It lets you blink.
 k - a +2 helmet (worn)
 x - the +0 helmet "Vytirgh" {rF+ Dex-4 SInv}
   (Okawaru gifted it to you on level 4 of the Lair of Beasts)

   Dex-4:     It affects your dexterity (-4).
   rF+:       It protects you from fire.
   SInv:      It lets you see invisible.
 y - the +0 leather armour of Qutuk {^Contam Harm rF++ MP+9}
   (You found it on level 11 of the Dungeon)

   rF++:      It greatly protects you from fire.
   MP+9:      It affects your magic capacity (+9).
   ^Contam:   It causes magical contamination when unequipped.
   Harm:      It increases damage dealt and taken.
Jewellery
 e - a +5 ring of evasion (right hand)
 g - a ring of fire
 m - an amulet of reflection (around neck)
 n - a +4 ring of protection (left hand)
Wands
 c - a wand of charming (10)
 o - a wand of polymorph (13)
 q - a wand of quicksilver (14)
 r - a wand of roots (13)
 t - a wand of digging (7)
 C - a wand of mindburst (6)
Scrolls
 b - 2 scrolls of enchant weapon
 v - 2 scrolls of teleportation
 A - a scroll of noise {unknown}
Potions
 f - 11 potions of curing
 l - a potion of resistance
 p - 4 potions of haste
 s - 2 potions of might
 u - 2 potions of heal wounds
 w - a potion of enlightenment
 B - a potion of mutation {unknown}

Dungeon Overview and Level Annotations

Branches:
Dungeon (14/15)            Temple (1/1) D:4            Lair (5/5) D:11
  Swamp (0/4) Lair:2       Spider (0/4) Lair:3        Slime (0/5) Lair:4
    Orc (0/2) D:9          Vaults (0/5) D:13        Ossuary (visited)

Altars:
Ashenzari
Cheibriados
Dithmenos
Elyvilon
Fedhas
Gozag
Hepliaklqana
Makhleb
Nemelex Xobeh
Okawaru
Qazlal
Ru
Trog
Uskayaw
Wu Jian
Xom
Yredelemnul
Zin
The Shining One
Jiyva
Lugonu

Shops:
D:5 (   D:7 *   D:9 *

Portals:
Abyss: Lair:5

Annotations:
D:9 Jeremiah
Lair:4 exclusion: 2 oklob plants


Message History

You shoot a bolt. The bolt hits the boulder beetle!
The bolt burns the boulder beetle.
The boulder beetle is lightly wounded.
You shoot a bolt.
The bolt hits the boulder beetle but does no damage.
The boulder beetle is lightly wounded.
The boulder beetle hits you!
The boulder beetle stops rolling and uncurls.
You shoot a bolt.
The bolt hits the boulder beetle but does no damage.
The boulder beetle is lightly wounded.
The wolf spider simulacrum hits you!
The wolf spider simulacrum freezes you!!!
You feel a terrible chill!
The wolf spider simulacrum bites you but does no damage.
The boulder beetle bites you but does no damage.
The wolf spider simulacrum barely misses you. x2
You shoot a bolt.
The bolt barely misses the boulder beetle.
Mule's kick sends you backwards.
You block the wolf spider simulacrum's attack.
The wolf spider simulacrum misses you.
You shoot a bolt.
The bolt hits the boulder beetle but does no damage.
The boulder beetle is lightly wounded.
The wolf spider simulacrum hits you.
The wolf spider simulacrum freezes you!!
You feel a terrible chill!
The wolf spider simulacrum bites you but does no damage.
You block the boulder beetle's attack.
The wolf spider simulacrum closely misses you.
The wolf spider simulacrum barely misses you.
The boulder beetle bites you but does no damage.
20193 ||| READING 3 scrolls of teleportation.
As you read the scroll of teleportation, it crumbles to dust.
You feel strangely unstable. The wolf spider simulacrum hits you!
The wolf spider simulacrum freezes you!!!
You feel a terrible chill!
You die...

)e#' #.... ..# #...#
..# #...# '#
########+# #...# .#
#....'...# #...+
.######.##.#...# #...#
##.........##'## #####
...###.....#...##+####
#...
#..........+...B@....#
#####
#......#####....Z....#
#....
...##..+.............#
#....
.......#..##..####...#
#.... ###+####+ #..#
...# .###. #..# .....
## ### #.. ....# ..#
#.. ##### ## ### #.


You could see a boulder beetle and a wolf spider simulacrum.

Vanquished Creatures
  An entropy weaver (shapeshifter) (D:14)
  A vault guard (D:13)
  Erolcha (D:10)
  6 hydras
  A centaur warrior (D:13)
  2 two-headed ogres
  A boulder beetle (D:13)
  6 death yaks (Lair:4)
  4 thrashing horrors (Lair:5)
  Amaemon (D:9)
  2 skysharks
  A bog body (Lair:2)
  An oklob plant (Lair:4)
  A harpy (shapeshifter) (Lair:5)
  2 deep elf pyromancers (D:14)
  4 ugly things
  A manticore (D:11)
  3 cyclopes
  Maurice (D:8)
  8 elephants
  A meliai (shapeshifter) (Lair:5)
  6 black mambas
  11 cane toads
  A molten gargoyle (Lair:2)
  A smoke demon (Lair:5)
  An orange demon (D:9)
  2 gargoyles
  2 kobold demonologists (D:12)
  2 unseen horrors (D:12)
  Maggie (D:7)
  13 komodo dragons
  6 rime drakes
  An efreet (D:13)
  3 trolls
  7 polar bears
  A queen bee (D:9)
  24 blink frogs
  2 hornets
  A raiju (Lair:5)
  A jumping spider (Lair:3)
  A culicivora (Lair:3)
  3 shadows
  4 water elementals (D:13)
  3 ynoxinuls (Lair:5)
  A spriggan (Lair:2)
  4 wraiths
  7 basilisks
  43 yaks
  5 wyverns
  4 fire bats (Lair:2)
  3 steam dragons
  A chaos spawn (Lair:5)
  24 water moccasins
  8 orc warriors
  9 ice beasts
  A sky beast (D:8)
  19 wolves
  5 black bears
  2 laughing skulls (D:14)
  4 ogres
  2 centaurs (D:7)
  3 phantoms
  A bullfrog (shapeshifter) (Lair:5)
  3 gnoll sergeants
  12 small abominations (Lair:5)
  13 bullfrogs
  6 scorpions
  16 wights
  41 killer bees
  An electric eel (D:6)
  7 howler monkeys
  A bombardier beetle (D:7)
  A centaur zombie (Ossuary)
  4 orc priests
  3 hounds
  2 gnoll boudas
  5 jellies
  A sleepcap (D:6)
  7 iguanas
  11 orc wizards
  A statue (D:8)
  3 hound zombies (Ossuary)
  Robin (D:4)
  11 adders
  27 gnolls
  3 shadow imps
  2 white imps
  4 ufetubi
  An adder zombie (Ossuary)
  3 dart slugs
  58 orcs
  3 bats
  5 endoplasms
  4 giant cockroaches
  3 gnoll zombies (Ossuary)
  9 hobgoblins
  2 jackals (D:5)
  5 quokkas
  4 ball pythons
  7 frilled lizards
  13 goblins
  4 jackal zombies (Ossuary)
  11 kobolds
  5 kobold zombies
  4 orc zombies (Ossuary)
  6 rats
625 creatures vanquished.

Notes
Turn   | Place    | Note
-------+----------+-------------------------------------------
     0 | D:1      | qw the Djinni Hunter began the quest for the Orb.
     0 | D:1      | Reached XP level 1. HP: 18/18 MP: 0/0
     0 | D:1      | 0 ||| qw: Version: 0.3-a-136-gdd3b4e8
     0 | D:1      | 0 ||| qw: Game counter: 1197
     0 | D:1      | 0 ||| qw: Melee chars always use a shield: true
     0 | D:1      | 0 ||| qw: God list: Okawaru
     0 | D:1      | 0 ||| qw: Allow faded altars: false
     0 | D:1      | 0 ||| qw: Do Orc after clearing Dungeon:15 true
     0 | D:1      | 0 ||| qw: Do second Lair branch before Depths: true
     0 | D:1      | 0 ||| qw: Lair rune preference: random
     0 | D:1      | 0 ||| qw: Goals: Normal
     0 | D:1      | 0 ||| PLANNING D:1-11
   115 | D:1      | Reached XP level 2. HP: 19/23 MP: 0/0
   394 | D:1      | Reached skill level 4 in Ranged Weapons
   394 | D:1      | Reached XP level 3. HP: 28/28 MP: 0/0
   394 | D:1      | Learned a level 1 spell: Sandblast
   448 | D:1      | Found a faded altar of an unknown god.
   807 | D:1      | 807 ||| UPGRADING to +0 pair of gloves.
   812 | D:1      | 812 ||| UPGRADING to +0 helmet.
   817 | D:1      | 817 ||| UPGRADING to +2 helmet.
   827 | D:1      | 827 ||| DROPPING +0 helmet.
   828 | D:1      | 828 ||| READING scroll labelled IHAPRI BOADEPN.
   829 | D:1      | 829 ||| READING scroll labelled SAMIWE ITHU.
   829 | D:1      | 829 ||| ENCHANTING +0 shortbow.
   830 | D:1      | 830 ||| READING scroll labelled INOFFAPRON.
   831 | D:1      | 831 ||| READING scroll labelled SONWAU DEOME.
   832 | D:1      | 832 ||| READING scroll labelled AXZAGA NAOCRADO.
   832 | D:1      | 832 ||| IDENTIFYING fizzy emerald potion
   833 | D:1      | 833 ||| READING scroll labelled UCREXK WOKA.
   836 | D:1      | 836 ||| DROPPING scroll of butterflies.
   837 | D:1      | 837 ||| DROPPING potion of lignification.
  1204 | D:2      | Identified the +3 ring mail "Geymuun" {+Blink rF- Slay+5}
  1717 | D:2      | 1717 ||| UPGRADING to +0 cloak.
  1722 | D:2      | 1722 ||| UPGRADING to +3 ring mail "Geymuun" {+Blink rF-
                  | Slay+5}.
  1732 | D:2      | 1732 ||| READING scroll labelled RUCLABRUTIPH.
  1733 | D:2      | 1733 ||| READING scroll labelled URU ARAKAGE.
  1795 | D:3      | Reached XP level 4. HP: 34/34 MP: 0/0
  1891 | D:3      | Reached skill level 1 in Armour
  2013 | D:3      | Reached skill level 3 in Fighting
  2336 | D:3      | 2336 ||| READING scroll labelled AVAYWI SEANAU.
  2337 | D:3      | 2337 ||| DRINKING 2 smoky pink potions.
  2385 | D:4      | Noticed a scorpion
  2386 | D:4      | 2386 ||| ZAPPING wand of mindburst (11) at 0,6 (scorpion;
                  | floor).
  2386 | D:4      | Killed a scorpion
  2387 | D:4      | Reached XP level 5. HP: 40/40 MP: 0/0
  2387 | D:4      | Learned a level 2 spell: Scorch
  2437 | D:4      | Reached skill level 5 in Ranged Weapons
  2443 | D:4      | Reached XP level 6. HP: 46/46 MP: 0/0
  2519 | D:4      | Reached skill level 3 in Dodging
  2586 | D:4      | Noticed a black bear
  2587 | D:4      | 2587 ||| ZAPPING wand of mindburst (10) at 2,6 (black bear;
                  | floor).
  2588 | D:4      | 2588 ||| ZAPPING wand of mindburst (9) at 1,5 (black bear;
                  | floor).
  2589 | D:4      | 2589 ||| ZAPPING wand of mindburst (8) at 1,4 (black bear;
                  | floor).
  2590 | D:4      | 2590 ||| ZAPPING wand of mindburst (7) at 1,3 (black bear;
                  | floor).
  2590 | D:4      | Killed a black bear
  2594 | D:4      | Reached XP level 7. HP: 50/50 MP: 0/0
  2594 | D:4      | Learned a level 2 spell: Momentum Strike
  2751 | D:4      | Found a staircase to the Ecumenical Temple.
  2752 | D:4      | 2752 ||| PLANNING TEMPLE
  2752 | D:4      | 2752 ||| DROPPING +0 leather armour.
  2753 | D:4      | 2753 ||| READING scroll labelled BAMOAD LABEN.
  2854 | D:4      | 2854 ||| DRINKING 2 purple potions.
  2863 | Temple   | Entered the Ecumenical Temple
  2864 | Temple   | 2864 ||| PLANNING D:1-11
  2901 | D:4      | Noticed Robin
  2920 | D:4      | Killed Robin
  3488 | D:4      | 3488 ||| READING scroll labelled PEYNA ALUEPYRO.
  3524 | D:5      | Entered Level 5 of the Dungeon
  3576 | D:5      | Reached skill level 6 in Ranged Weapons
  3585 | D:5      | Reached XP level 8. HP: 29/58 MP: 0/0
  3897 | D:5      | Reached skill level 7 in Ranged Weapons
  3912 | D:5      | Found a hide-covered altar of Uskayaw.
  4120 | D:5      | 4120 ||| RETREEEEATING.
  4125 | D:5      | 4125 ||| ZAPPING wand of mindburst (6) at 0,1 (black bear;
                  | open_door).
  4252 | D:5      | Reached XP level 9. HP: 59/65 MP: 0/0
  4252 | D:5      | Learned a level 4 spell: Flame Wave
  4278 | D:5      | Found Tebb's Antique Weapon Shop.
  4667 | D:5      | 4667 ||| UPGRADING to +4 ring of protection.
  4796 | D:6      | Found an opulent altar of Gozag.
  4812 | D:6      | 4812 ||| READING scroll of enchant weapon.
  4812 | D:6      | 4812 ||| ENCHANTING +1 shortbow.
  4877 | D:6      | Found a white marble altar of Elyvilon.
  4879 | D:6      | Found a snail-covered altar of Cheibriados.
  4891 | D:6      | 4891 ||| READING scroll of identify.
  4891 | D:6      | 4891 ||| IDENTIFYING silvery potion
  4892 | D:6      | 4892 ||| DROPPING potion of attraction.
  4906 | D:6      | 4906 ||| ZAPPING wand of mindburst (5) at 1,0 (black bear;
                  | floor).
  4907 | D:6      | Reached skill level 8 in Ranged Weapons
  4913 | D:5      | 4913 ||| BUYING longbow (169 gold).
  4913 | D:5      | Bought a longbow for 169 gold pieces
  4913 | D:5      | 4913 ||| SWAPPING to +0 longbow.
  4914 | D:5      | 4914 ||| DROPPING +2 shortbow.
  4985 | D:6      | Reached skill level 3 in Armour
  5289 | D:6      | 5289 ||| READING scroll of identify.
  5289 | D:6      | 5289 ||| IDENTIFYING lumpy inky potion
  5305 | D:6      | Reached skill level 6 in Fighting
  5377 | D:6      | Noticed a troll
  5380 | D:6      | 5380 ||| ZAPPING wand of mindburst (4) at 0,-2 (troll;
                  | floor).
  5382 | D:6      | 5382 ||| ZAPPING wand of mindburst (3) at 0,-1 (troll;
                  | open_door).
  5383 | D:6      | 5383 ||| ZAPPING wand of mindburst (2) at 0,-1 (troll;
                  | open_door).
  5384 | D:6      | 5384 ||| ZAPPING wand of mindburst (1) at 0,-1 (troll;
                  | open_door).
  5384 | D:6      | HP: 12/66 [troll (9)]
  5385 | D:6      | 5385 ||| READING 2 scrolls of teleportation.
  5385 | D:6      | HP: 5/66 [troll (7)]
  5386 | D:6      | 5386 ||| DRINKING 2 potions of heal wounds.
  5389 | D:6      | 5389 ||| FLEEEEING.
  5390 | D:6      | 5390 ||| FLEEEEING.
  5391 | D:6      | 5391 ||| FLEEEEING.
  5394 | D:6      | HP: 15/66 [troll (8)]
  5394 | D:6      | HP: 7/66 [troll (8)]
  5395 | D:6      | 5395 ||| READING scroll of teleportation.
  5395 | D:6      | HP: 3/66 [troll (4)]
  5396 | D:6      | 5396 ||| DRINKING potion of heal wounds.
  5530 | D:6      | 5530 ||| DROPPING +0 ring mail.
  5544 | D:6      | Killed a troll
  5545 | D:6      | Reached skill level 9 in Ranged Weapons
  5545 | D:6      | Reached XP level 10. HP: 34/72 MP: 0/0
  5756 | D:6      | 5756 ||| RETREEEEATING.
  5771 | D:6      | Reached skill level 6 in Dodging
  5886 | D:6      | 5886 ||| DROPPING +0 steam dragon scales.
  5912 | D:7      | 5912 ||| PLANNING OSSUARY
  5936 | D:7      | Noticed Maggie
  5945 | D:7      | Killed Maggie
  6086 | D:7      | 6086 ||| RETREEEEATING.
  6087 | D:7      | 6087 ||| RETREEEEATING.
  6090 | D:7      | Reached skill level 10 in Ranged Weapons
  6097 | D:7      | 6097 ||| RETREEEEATING.
  6098 | D:7      | 6098 ||| RETREEEEATING.
  6099 | D:7      | 6099 ||| RETREEEEATING.
  6417 | D:7      | Found a sand-covered staircase.
  6418 | D:7      | 6418 ||| UPGRADING to +0 swamp dragon scales.
  6428 | D:7      | 6428 ||| READING 2 scrolls of identify.
  6428 | D:7      | 6428 ||| IDENTIFYING cyan potion
  6429 | D:7      | 6429 ||| READING scroll of identify.
  6429 | D:7      | 6429 ||| IDENTIFYING grey potion
  6435 | Ossuary  | Entered an ossuary
  6579 | D:7      | 6579 ||| PLANNING D:1-11
  6609 | D:7      | Found Hucik's Gadget Gallery.
  6617 | D:7      | 6617 ||| BUYING wand of roots (3) (93 gold).
  6617 | D:7      | Bought a wand of roots (3) for 93 gold pieces
  6750 | D:7      | 6750 ||| READING scroll of identify.
  6750 | D:7      | 6750 ||| IDENTIFYING black potion
  6774 | D:8      | 6774 ||| RETREEEEATING.
  6971 | D:8      | Noticed Maurice
  6976 | D:8      | Maurice stole 233 gold
  6993 | D:8      | Killed Maurice
  6994 | D:8      | Reached XP level 11. HP: 66/81 MP: 0/0
  6994 | D:8      | Learned a level 4 spell: Cause Fear
  7044 | D:8      | Found an iron altar of Okawaru.
  7045 | D:8      | 7045 ||| PLANNING OKAWARU WORSHIP
  7047 | D:8      | Became a worshipper of Warmaster Okawaru
  7048 | D:8      | 7048 ||| PLANNING D:1-11
  7512 | D:8      | Found a hazy altar of Hepliaklqana.
  7837 | D:9      | Found a staircase to the Orcish Mines.
  7838 | D:9      | 7838 ||| FLEEEEING.
  7840 | D:9      | 7840 ||| FLEEEEING.
  7877 | D:9      | Reached * piety under Okawaru
  7898 | D:9      | Reached skill level 1 in Invocations
  7935 | D:9      | Reached skill level 11 in Ranged Weapons
  8093 | D:9      | Noticed Amaemon
  8094 | D:9      | 8094 ||| INVOKING Heroism.
  8107 | D:9      | 8107 ||| INVOKING Heroism.
  8113 | D:9      | Killed Amaemon
  8113 | D:9      | Reached ** piety under Okawaru
  8114 | D:9      | Reached skill level 3 in Invocations
  8124 | D:9      | 8124 ||| FLEEEEING.
  8149 | D:9      | 8149 ||| FLEEEEING.
  8244 | D:9      | Found Koracrosm's General Store.
  8256 | D:9      | 8256 ||| SHOPLISTING +4 ring mail "Ebojadwo" {rPois Will+}
                  | (652 gold, have 271).
  8256 | D:9      | 8256 ||| SHOPLISTING ring of fire (400 gold, have 271).
  8256 | D:9      | 8256 ||| BUYING wand of roots (3) (115 gold).
  8256 | D:9      | Bought a wand of roots (3) for 115 gold pieces
  8309 | D:9      | Noticed Jeremiah
  8315 | D:9      | 8315 ||| FLEEEEING.
  8373 | D:9      | HP: 17/82 [Jeremiah/divine providence (14)]
  8374 | D:9      | 8374 ||| READING scroll of teleportation.
  8375 | D:9      | 8375 ||| DRINKING potion of heal wounds.
  8710 | D:9      | Reached skill level 9 in Fighting
  9068 | D:9      | 9068 ||| RETREEEEATING.
  9069 | D:9      | 9069 ||| RETREEEEATING.
  9070 | D:9      | 9070 ||| INVOKING Heroism.
  9081 | D:9      | Reached skill level 6 in Armour
  9235 | D:9      | 9235 ||| INVOKING Heroism.
  9251 | D:9      | Reached *** piety under Okawaru
  9476 | D:9      | Reached XP level 12. HP: 89/89 MP: 0/0
  9608 | D:9      | 9608 ||| UPGRADING to amulet of reflection.
  9613 | D:9      | 9613 ||| READING 2 scrolls of identify.
  9613 | D:9      | 9613 ||| IDENTIFYING scroll labelled QOSIDO MEODDO
  9614 | D:9      | 9614 ||| READING scroll of enchant armour.
  9614 | D:9      | 9614 ||| ENCHANTING +0 swamp dragon scales.
  9615 | D:9      | 9615 ||| DROPPING +0 troll leather armour.
  9673 | D:10     | Entered Level 10 of the Dungeon
  9730 | D:10     | 9730 ||| RETREEEEATING.
  9732 | D:10     | 9732 ||| RETREEEEATING.
  9733 | D:10     | 9733 ||| RETREEEEATING.
  9734 | D:10     | 9734 ||| RETREEEEATING.
  9967 | D:10     | 9967 ||| RETREEEEATING.
  9968 | D:10     | 9968 ||| RETREEEEATING.
  9970 | D:10     | 9970 ||| RETREEEEATING.
  9977 | D:10     | 9977 ||| INVOKING Heroism.
 10474 | D:10     | Reached skill level 12 in Ranged Weapons
 10696 | D:10     | 10696 ||| READING scroll of enchant armour.
 10696 | D:10     | 10696 ||| ENCHANTING +1 swamp dragon scales.
 10708 | D:10     | Noticed Erolcha
 10717 | D:10     | Killed Erolcha
 10717 | D:10     | Reached **** piety under Okawaru
 10752 | D:10     | 10752 ||| UPGRADING to +5 ring of evasion.
 10800 | D:11     | 10800 ||| INVOKING Finesse.
 10867 | D:11     | 10867 ||| FLEEEEING.
 10874 | D:11     | 10874 ||| FLEEEEING.
 10875 | D:11     | 10875 ||| STAIRDANCE
 11031 | D:11     | 11031 ||| INVOKING Finesse.
 11032 | D:11     | 11032 ||| INVOKING Heroism.
 11083 | D:11     | Found a staircase to the Lair.
 11098 | D:11     | 11098 ||| RETREEEEATING.
 11100 | D:11     | 11100 ||| RETREEEEATING.
 11102 | D:11     | 11102 ||| RETREEEEATING.
 11103 | D:11     | 11103 ||| RETREEEEATING.
 11104 | D:11     | 11104 ||| RETREEEEATING.
 11105 | D:11     | 11105 ||| RETREEEEATING.
 11106 | D:11     | 11106 ||| RETREEEEATING.
 11107 | D:11     | 11107 ||| RETREEEEATING.
 11109 | D:11     | 11109 ||| RETREEEEATING.
 11112 | D:11     | 11112 ||| RETREEEEATING.
 11116 | D:11     | 11116 ||| RETREEEEATING.
 11117 | D:11     | 11117 ||| RETREEEEATING.
 11118 | D:11     | 11118 ||| RETREEEEATING.
 11119 | D:11     | 11119 ||| INVOKING Heroism.
 11538 | D:11     | HP: 20/91 [something (27)]
 11539 | D:11     | 11539 ||| READING scroll of teleportation.
 12008 | D:11     | Reached skill level 9 in Dodging
 12169 | D:11     | 12169 ||| INVOKING Finesse.
 12213 | D:11     | Identified the +0 leather armour of Qutuk {^Contam Harm
                  | rF++ MP+9}
 12290 | D:11     | 12290 ||| PLANNING LAIR
 12290 | D:11     | 12290 ||| DROPPING amulet of regeneration.
 12291 | D:11     | 12291 ||| DROPPING ring of ice.
 12292 | D:11     | 12292 ||| READING 3 scrolls of identify.
 12292 | D:11     | 12292 ||| IDENTIFYING fuming emerald potion
 12293 | D:11     | 12293 ||| READING 2 scrolls of identify.
 12293 | D:11     | 12293 ||| IDENTIFYING scroll labelled ZOASIU FAITEATUI
 12294 | D:11     | 12294 ||| READING scroll of brand weapon.
 12294 | D:11     | 12294 ||| BRANDING +0 longbow.
 12295 | D:11     | 12295 ||| DROPPING potion of brilliance.
 12313 | Lair:1   | Entered Level 1 of the Lair of Beasts
 12337 | Lair:1   | 12337 ||| RETREEEEATING.
 12338 | Lair:1   | 12338 ||| RETREEEEATING.
 12339 | Lair:1   | 12339 ||| RETREEEEATING.
 12340 | Lair:1   | 12340 ||| RETREEEEATING.
 12341 | Lair:1   | 12341 ||| RETREEEEATING.
 12354 | Lair:1   | Reached XP level 13. HP: 85/96 MP: 0/0
 12354 | Lair:1   | Learned a level 5 spell: Curse of Agony
 12544 | Lair:1   | Reached skill level 6 in Invocations
 12683 | Lair:1   | Reached ***** piety under Okawaru
 12780 | Lair:1   | 12780 ||| READING scroll of enchant weapon.
 12780 | Lair:1   | 12780 ||| ENCHANTING +0 heavy longbow.
 13293 | Lair:2   | 13293 ||| RETREEEEATING.
 13294 | Lair:2   | 13294 ||| RETREEEEATING.
 13295 | Lair:2   | 13295 ||| RETREEEEATING.
 13296 | Lair:2   | 13296 ||| RETREEEEATING.
 13297 | Lair:2   | 13297 ||| RETREEEEATING.
 13298 | Lair:2   | 13298 ||| RETREEEEATING.
 13299 | Lair:2   | 13299 ||| INVOKING Finesse.
 13300 | Lair:2   | 13300 ||| INVOKING Heroism.
 13323 | Lair:2   | Reached skill level 13 in Ranged Weapons
 13334 | Lair:2   | HP: 21/96 [komodo dragon (19)]
 13335 | Lair:2   | 13335 ||| DRINKING 2 potions of heal wounds.
 13336 | Lair:2   | Received a gift from Okawaru
 13613 | Lair:2   | Noticed a seven-headed hydra
 13614 | Lair:2   | 13614 ||| INVOKING Finesse.
 13618 | Lair:2   | Killed a seven-headed hydra
 13669 | Lair:2   | 13669 ||| RETREEEEATING.
 13672 | Lair:2   | 13672 ||| RETREEEEATING.
 13674 | Lair:2   | 13674 ||| RETREEEEATING.
 13675 | Lair:2   | 13675 ||| RETREEEEATING.
 13676 | Lair:2   | 13676 ||| RETREEEEATING.
 13677 | Lair:2   | 13677 ||| RETREEEEATING.
 13720 | Lair:2   | Reached skill level 9 in Invocations
 13751 | Lair:2   | Found a staircase to the Swamp.
 13823 | Lair:2   | Found a dark tunnel.
 14007 | Lair:2   | 14007 ||| READING 2 scrolls of enchant armour.
 14007 | Lair:2   | 14007 ||| ENCHANTING +2 swamp dragon scales.
 14008 | Lair:2   | 14008 ||| READING scroll of enchant armour.
 14008 | Lair:2   | 14008 ||| ENCHANTING +3 swamp dragon scales.
 14064 | Lair:2   | Noticed a seven-headed hydra
 14065 | Lair:2   | 14065 ||| INVOKING Finesse.
 14069 | Lair:2   | Killed a seven-headed hydra
 14122 | Lair:2   | Noticed a five-headed hydra
 14123 | Lair:2   | 14123 ||| INVOKING Finesse.
 14129 | Lair:2   | Killed a five-headed hydra
 14135 | Lair:2   | Reached XP level 14. HP: 102/103 MP: 0/0
 14542 | Lair:3   | Identified the +8 great sword of the Genius {venom, *Rage
                  | rN++ Int+3}
 14554 | Lair:3   | 14554 ||| RETREEEEATING.
 14555 | Lair:3   | 14555 ||| RETREEEEATING.
 14556 | Lair:3   | 14556 ||| RETREEEEATING.
 14557 | Lair:3   | 14557 ||| RETREEEEATING.
 14558 | Lair:3   | 14558 ||| RETREEEEATING.
 14673 | Lair:3   | 14673 ||| RETREEEEATING.
 14727 | Lair:3   | Reached skill level 14 in Ranged Weapons
 14739 | Lair:3   | 14739 ||| RETREEEEATING.
 14740 | Lair:3   | 14740 ||| RETREEEEATING.
 14741 | Lair:3   | 14741 ||| RETREEEEATING.
 14742 | Lair:3   | 14742 ||| RETREEEEATING.
 14743 | Lair:3   | 14743 ||| RETREEEEATING.
 14744 | Lair:3   | 14744 ||| RETREEEEATING.
 14745 | Lair:3   | 14745 ||| RETREEEEATING.
 14746 | Lair:3   | 14746 ||| RETREEEEATING.
 14747 | Lair:3   | 14747 ||| RETREEEEATING.
 14748 | Lair:3   | 14748 ||| RETREEEEATING.
 14751 | Lair:3   | 14751 ||| RETREEEEATING.
 15122 | Lair:3   | Received a gift from Okawaru
 15324 | Lair:3   | Found a hole to the Spider Nest.
 15526 | Lair:4   | 15526 ||| RETREEEEATING.
 15528 | Lair:4   | 15528 ||| RETREEEEATING.
 15530 | Lair:4   | 15530 ||| RETREEEEATING.
 15531 | Lair:4   | 15531 ||| RETREEEEATING.
 15532 | Lair:4   | 15532 ||| RETREEEEATING.
 15533 | Lair:4   | 15533 ||| RETREEEEATING.
 15613 | Lair:4   | 15613 ||| RETREEEEATING.
 15614 | Lair:4   | 15614 ||| RETREEEEATING.
 15616 | Lair:4   | 15616 ||| RETREEEEATING.
 15617 | Lair:4   | 15617 ||| RETREEEEATING.
 15618 | Lair:4   | 15618 ||| RETREEEEATING.
 15619 | Lair:4   | 15619 ||| INVOKING Finesse.
 15620 | Lair:4   | 15620 ||| RETREEEEATING.
 15781 | Lair:4   | 15781 ||| RETREEEEATING.
 15782 | Lair:4   | 15782 ||| RETREEEEATING.
 15783 | Lair:4   | 15783 ||| RETREEEEATING.
 15786 | Lair:4   | 15786 ||| RETREEEEATING.
 15787 | Lair:4   | 15787 ||| RETREEEEATING.
 15886 | Lair:4   | Found a viscous altar of Jiyva.
 15892 | Lair:4   | 15892 ||| FLEEEEING.
 15893 | Lair:4   | 15893 ||| FLEEEEING.
 16073 | Lair:4   | 16073 ||| RETREEEEATING.
 16074 | Lair:4   | 16074 ||| RETREEEEATING.
 16075 | Lair:4   | 16075 ||| RETREEEEATING.
 16076 | Lair:4   | 16076 ||| RETREEEEATING.
 16077 | Lair:4   | 16077 ||| RETREEEEATING.
 16078 | Lair:4   | 16078 ||| RETREEEEATING.
 16079 | Lair:4   | 16079 ||| RETREEEEATING.
 16080 | Lair:4   | 16080 ||| RETREEEEATING.
 16081 | Lair:4   | 16081 ||| RETREEEEATING.
 16082 | Lair:4   | 16082 ||| RETREEEEATING.
 16083 | Lair:4   | 16083 ||| RETREEEEATING.
 16084 | Lair:4   | 16084 ||| RETREEEEATING.
 16085 | Lair:4   | 16085 ||| RETREEEEATING.
 16086 | Lair:4   | 16086 ||| RETREEEEATING.
 16087 | Lair:4   | 16087 ||| INVOKING Finesse.
 16113 | Lair:4   | Reached ****** piety under Okawaru
 16113 | Lair:4   | Received a gift from Okawaru
 16309 | Lair:4   | 16309 ||| INVOKING Receive Weapon.
 16309 | Lair:4   | 16309 ||| ACQUIRING +7 hand cannon "Mule" {flame,
                  | backblast, rF+}
 16309 | Lair:4   | Acquired the +7 hand cannon "Mule" {flame, backblast, rF+}
 16309 | Lair:4   | Received a gift from Okawaru
 16309 | Lair:4   | Found the +7 hand cannon "Mule" {flame, backblast, rF+}
 16310 | Lair:4   | 16310 ||| INVOKING Receive Armour.
 16310 | Lair:4   | 16310 ||| ACQUIRING +0 helmet "Vytirgh" {rF+ Dex-4 SInv}
 16310 | Lair:4   | Acquired the +0 helmet "Vytirgh" {rF+ Dex-4 SInv}
 16310 | Lair:4   | Received a gift from Okawaru
 16312 | Lair:4   | 16312 ||| SWAPPING to +7 hand cannon "Mule" {flame,
                  | backblast, rF+}.
 16313 | Lair:4   | 16313 ||| DROPPING +1 heavy longbow.
 16528 | Lair:4   | Found a staircase to the Slime Pits.
 16611 | Lair:4   | 16611 ||| DROPPING ring of see invisible.
 16993 | Lair:4   | 16993 ||| READING 4 scrolls of identify.
 16993 | Lair:4   | 16993 ||| IDENTIFYING fizzy orange potion
 16994 | Lair:4   | 16994 ||| DROPPING potion of invisibility.
 17024 | Lair:5   | Entered Level 5 of the Lair of Beasts
 17109 | Lair:5   | Identified the +2 pair of gloves "Ymiemics" {Will- Int+6}
 17176 | Lair:5   | Reached XP level 15. HP: 110/110 MP: 0/0
 17176 | Lair:5   | Learned a level 6 spell: Sculpt Simulacrum
 17220 | Lair:5   | 17220 ||| DRINKING potion of cancellation.
 17345 | Lair:5   | Found a white marble altar of Elyvilon.
 17764 | Lair:5   | 17764 ||| INVOKING Finesse.
 17829 | Lair:5   | Received a gift from Okawaru
 17830 | Lair:5   | Reached skill level 15 in Ranged Weapons
 18000 | Lair:5   | Identified the +4 hand axe of Zealous Subterfuge {venom,
                  | Fly rElec rF+ Str-5}
 18021 | Lair:5   | 18021 ||| INVOKING Finesse.
 18068 | Lair:5   | Found a corrupted altar of Lugonu.
 18068 | Lair:5   | Found a one-way gate to the infinite horrors of the Abyss.
 18152 | Lair:5   | Identified the +8 glaive "Undertaker" {flame, Will+}
 18254 | Lair:5   | 18254 ||| PLANNING D
 18254 | Lair:5   | 18254 ||| DROPPING ring of willpower.
 18491 | D:12     | 18491 ||| RETREEEEATING.
 18497 | D:12     | 18497 ||| INVOKING Finesse.
 18639 | D:12     | Received a gift from Okawaru
 18881 | D:12     | Reached skill level 12 in Fighting
 18923 | D:12     | 18923 ||| READING 3 scrolls of identify.
 18923 | D:12     | 18923 ||| IDENTIFYING ruby potion
 18924 | D:12     | 18924 ||| READING 2 scrolls of identify.
 18924 | D:12     | 18924 ||| IDENTIFYING scroll labelled XUPSEDE VAIBUE
 18925 | D:12     | 18925 ||| DROPPING scroll of revelation.
 18926 | D:12     | 18926 ||| DROPPING potion of degeneration.
 18942 | D:13     | 18942 ||| STAIRDANCE
 19249 | D:13     | Found a gate to the Vaults.
 19528 | D:13     | 19528 ||| READING scroll of identify.
 19528 | D:13     | 19528 ||| IDENTIFYING glowing grey potion
 19832 | D:14     | Found a basalt altar of Yredelemnul.
 19851 | D:14     | 19851 ||| RETREEEEATING.
 19852 | D:14     | 19852 ||| INVOKING Finesse.
 19912 | D:14     | 19912 ||| RETREEEEATING.
 19915 | D:14     | 19915 ||| RETREEEEATING.
 20192 | D:14     | HP: 19/112 [wolf spider simulacrum (27)]
 20193 | D:14     | 20193 ||| READING 3 scrolls of teleportation.
 20193 | D:14     | HP: 8/112 [wolf spider simulacrum (12)]
 20193 | D:14     | Annihilated by a wolf spider simulacrum

Levels and vault maps discovered:
D:1:      ebering_hopf_link, layout_loops_ring,
          shapermc_ecumenical_altar_mp_urbaneastern, serial_bayou_pond_c,
          minmay_misc_feat_room
D:2:      layout_basic, chequers_serial_rivers_large_b, minmay_hexomino_u4
D:3:      layout_loops_ring
D:4:      layout_basic, minmay_temple_entry_glassed_door, uniq_robin
D:5:      layout_basic, mainiacjoe_overflow_24_doors, grunt_decor_arrowhead,
          minmay_crystal_room, nicolae_take_the_stairs
D:6:      kennysheep_windowed_halls, layout_loops_ring, general_overflow_altar,
          mainiacjoe_overflow_catwalk_spiral, fountainhead
D:7:      layout_rooms, enter_ossuary_3, nicolae_shop_gadgets, uniq_maggie
D:8:      layout_basic, mainiacjoe_overflow_small_starburst,
          kennysheep_mini_moat, vehumet_statue, grunt_decor_resistance,
          uniq_maurice
D:9:      layout_roguey, led_sif_book, david_orc_5, special_room
          [special_room_bee], serial_shops, nicolae_square_shop, uniq_amaemon,
          uniq_jeremiah
D:10:     layout_roguey [special_room_orc], statue_in_the_mist_lemuel,
          uniq_erolcha
D:11:     layout_long_grid, hellmonk_lair_entry_icy
D:12:     layout_rooms
D:13:     layout_cave_pools, david_vaults_5, hangedman_decor_opposing,
          nicolae_underground_beach
D:14:     layout_stronghold, yredelemnul_altar_generic, serial_shops,
          kennysheep_mini, nicolae_benzene_ring
Temple:   nicolae_temple_superstar
Lair:1:   layout_regular_city, infiniplex_staircase_pool, serial_bayou_shore_b
Lair:2:   layout_gridlike, skrybe_swamp_entry_bodies,
          nicolae_volcano_entry_s_turn, grunt_forest_large_clearing_hut,
          grunt_megastairs_2, lemuel_fruit_tree
Lair:3:   nzn_winding_woodlands_three_and_one
          [nzn_winding_woodlands_5x15_parted,
          nzn_winding_woodlands_5x15_split_checker,
          nzn_winding_woodlands_5x15_crooked,
          nzn_winding_woodlands_center_diamonds], layout_regular_city,
          spider_nest_entry_funnel_web, st_stairs_9,
          chequers_serial_rivers_micro_c, beast_lair_carwin_7
Lair:4:   layout_small_grid, minmay_slime_entry_oklob_open,
          serial_bayou_shore_b, infiniplex_staircase_pool_2
Lair:5:   hellmonk_lair_end_abyssal_woods, layout_regular_city, basic_altar,
          grunt_megastairs_1

Skill      XL: |  1  2  3  4  5  6  7  8  9 10 11 12 13 14 15 |
---------------+----------------------------------------------+-----
Ranged Weapons | 4 5 6 7 9 10 11 12 13 14 15 | 15.6
Armour         | 1 2 3 5 6 7 8 |  8.1
Fighting       | 3 4 5 6 8 9 10 11 12 | 12.0
Dodging        | 3 4 5 6 8 9 10 11 | 11.0
Invocations    | 4 5 9 10 | 10.0
Stealth        | |  0.7

Action                     |  1- 3 |  4- 6 |  7- 9 | 10-12 | 13-15 || total
---------------------------+-------+-------+-------+-------+-------++-------
   Fire: Shortbow          |    84 |    54 |   189 |       |       ||   327
         Longbow           |       |       |    66 |  1055 |   440 ||  1561
         Hand cannon       |       |       |       |       |   342 ||   342
 Invoke: Heroism           |       |       |       |     7 |     1 ||     8
         Finesse           |       |       |       |     3 |    10 ||    13
         Receive Weapon    |       |       |       |       |     1 ||     1
         Receive Armour    |       |       |       |       |     1 ||     1
  Evoke: Wand              |       |     5 |     6 |       |       ||    11
    Use: Scroll            |     8 |     1 |     7 |    11 |     8 ||    35
         Potion            |       |     1 |     3 |     1 |     2 ||     7
 Armour: Leather armour    |    18 |       |       |       |       ||    18
         Ring mail         |     3 |    16 |   121 |   140 |       ||   280
         Swamp dragon scal |       |       |       |   578 |   334 ||   912
  Dodge: Dodged            |    23 |     9 |    78 |   879 |   656 ||  1645
  Block: Other             |       |       |       |    86 |   141 ||   227
         Reflection        |       |       |       |       |     3 ||     3

Table legend:
 A = Non-vault XP
 B = Vault XP
 C = Vault XP percentage of total XP
 D = Non-vault monster count
 E = Vault monster count
 F = Vault count percentage of total count
                 A         B        C        D         E       F
            +---------+---------+-------+---------+---------+-------
      Total |   62692 |   36587 |  36.9 |     394 |     231 |  37.0
            +---------+---------+-------+---------+---------+-------
        D:1 |      35 |       0 |   0.0 |      19 |       0 |   0.0
        D:2 |      15 |      17 |  53.1 |      11 |       3 |  21.4
        D:3 |      36 |       0 |   0.0 |      13 |       0 |   0.0
        D:4 |     676 |      37 |   5.2 |      25 |      12 |  32.4
        D:5 |    1225 |       0 |   0.0 |      27 |       0 |   0.0
        D:6 |     745 |    1581 |  68.0 |      16 |      20 |  55.6
        D:7 |    2030 |     371 |  15.5 |      39 |       2 |   4.9
        D:8 |    2049 |     539 |  20.8 |      22 |       2 |   8.3
        D:9 |    2251 |    3818 |  62.9 |      26 |      49 |  65.3
       D:10 |    3366 |    1223 |  26.7 |      17 |      27 |  61.4
       D:11 |    3630 |    1664 |  31.4 |      23 |      10 |  30.3
       D:12 |    4920 |       0 |   0.0 |      27 |       0 |   0.0
       D:13 |     644 |    3349 |  83.9 |       2 |       7 |  77.8
       D:14 |    5475 |       0 |   0.0 |      10 |       0 |   0.0
     Lair:1 |    4137 |       0 |   0.0 |      18 |       0 |   0.0
     Lair:2 |   12212 |    3856 |  24.0 |      38 |      11 |  22.4
     Lair:3 |    4918 |    8188 |  62.5 |      17 |      28 |  62.2
     Lair:4 |   10846 |     640 |   5.6 |      27 |       1 |   3.6
     Lair:5 |    3482 |   11172 |  76.2 |      17 |      39 |  69.6
    Ossuary |       0 |     132 | 100.0 |       0 |      20 | 100.0
            +---------+---------+-------+---------+---------+-------
